3R
NORTHWEST TERRITORY BEAVERS @ OGALLALA OCTOPI
06/30/2042
 
TOP OF THE 1ST
Northwest Territory Beavers batting - Pitching for Ogallala Octopi : RHP Chris Williams
Pitching: RHP Chris Williams
Batting: RHB Ijsbert Reynoud 0-0: SINGLE (Groundball, 34D, EV 95.0 MPH)
Batting: RHB Kenny Simmons 0-0: Called Strike
0-1: Ball
1-1: Swinging Strike
1-2: Strikes out looking
Batting: RHB Ming Wang 0-0: Ball
1-0: SINGLE (Groundball, 6D, EV 95.0 MPH)
Ijsbert Reynoud to second
Batting: RHB Rodrigo Martínez 0-0: Ball
1-0: Ball
2-0: Foul Ball, location: 2F
2-1: Fly out, F9 (Flyball, 9D, EV 100.6 MPH)
Runner from 2nd tags up, SAFE at 3rd, no throw by RF
Batting: RHB Rich Kelley 0-0: Ball
1-0: Ball
2-0: Fly out, F8 (Flyball, 8LS, EV 85.6 MPH)
Top of the 1st over - 0 runs, 2 hits, 0 errors, 2 left on base; Northwest Territory 0 - Ogallala 0
BOTTOM OF THE 1ST
Ogallala Octopi batting - Pitching for Northwest Territory Beavers : RHP Jong-yun Chong
Pitching: RHP Jong-yun Chong
Batting: LHB Jamie Padgett 0-0: Called Strike
0-1: Ball
1-1: Foul Ball, location: 2F
1-2: Foul Ball, location: 2F
1-2: Ball
2-2: Ball
3-2: Fly out, F8 (Flyball, 78M, EV 96.2 MPH)
Batting: RHB Nando van der Goor 0-0: Called Strike
0-1: Called Strike
0-2: Ball
1-2: Ball
2-2: Strikes out swinging
Batting: RHB Rodrigo Sánchez 0-0: Called Strike
0-1: Ball
1-1: Foul Ball, location: 2F
1-2: Ground out 6-3 (Groundball, 6, EV 106.9 MPH)
Bottom of the 1st over - 0 runs, 0 hits, 0 errors, 0 left on base; Northwest Territory 0 - Ogallala 0
TOP OF THE 2ND
Northwest Territory Beavers batting - Pitching for Ogallala Octopi : RHP Chris Williams
Batting: RHB Bartolo Cortéz 0-0: Ball
1-0: Ball
2-0: Swinging Strike
2-1: Ball
3-1: Base on Balls
Batting: RHB John Warren 0-0: Ball
1-0: Ball
2-0: Ball
3-0: Base on Balls
Bartolo Cortéz to second
Batting: RHB Hyun-soo Yi 0-0: Called Strike
0-1: Swinging Strike
0-2: Strikes out swinging
Batting: RHB Ramón Moreno 0-0: SINGLE (Groundball, 34D, EV 96.9 MPH)
Bartolo Cortéz to third
John Warren to second
Batting: RHB Ijsbert Reynoud 0-0: Called Strike
0-1: SINGLE (Groundball, 56D, EV 96.9 MPH)
Bartolo Cortéz scores
John Warren to third
Ramón Moreno to second
Batting: RHB Kenny Simmons 0-0: Ball
1-0: Called Strike
1-1: Foul Ball, location: 2F
1-2: Foul Ball, location: 2F
1-2: Ball
2-2: Strikes out swinging
Batting: RHB Ming Wang 0-0: Called Strike
0-1: Ball
1-1: DOUBLE (Line Drive, 78M, EV 108.8 MPH)
John Warren scores
Ramón Moreno scores
Ijsbert Reynoud to third
Runner from 3rd tries for Home, SAFE, throw by LF to trailing runner, SAFE at third!
Batting: RHB Rodrigo Martínez 0-0: Ball
1-0: Ball
2-0: SINGLE (Groundball, 56D, EV 110.0 MPH)
Ming Wang scores
Batting: RHB Rich Kelley 0-0: Called Strike
0-1: Called Strike
0-2: DOUBLE (Groundball, 5L, EV 106.2 MPH)
Rodrigo Martínez to third
Runner from 3rd tries for Home, SAFE, throw by LF to trailing runner, SAFE at third!
Pitching: RHP Asiloman Chella
Batting: RHB Bartolo Cortéz 0-0: SINGLE (Line Drive, 7LS, EV 110.0 MPH)
Rich Kelley scores
Batting: RHB John Warren 0-0: Called Strike
0-1: Swinging Strike
0-2: Fly out, F5 (Popup, 56S, EV 74.4 MPH)
Top of the 2nd over - 7 runs, 6 hits, 0 errors, 1 left on base; Northwest Territory 7 - Ogallala 0
BOTTOM OF THE 2ND
Ogallala Octopi batting - Pitching for Northwest Territory Beavers : RHP Jong-yun Chong
Batting: RHB Sonny Day 0-0: Called Strike
0-1: Ball
1-1: Foul Ball, location: 2F
1-2: Ball
2-2: Strikes out swinging
Batting: SHB Gabriel Ruíz 0-0: Called Strike
0-1: Called Strike
0-2: Foul Ball, location: 2F
0-2: Ball
1-2: Foul Ball, location: 2F
1-2: Strikes out swinging
Batting: RHB Pedro Sánchez 0-0: Ball
1-0: Called Strike
1-1: SINGLE (Flyball, 78M, EV 85.6 MPH)
Batting: RHB Bill Uttley 0-0: Ball
1-0: Ball
2-0: Ball
3-0: Base on Balls
Pedro Sánchez to second
Batting: RHB Jim Wood 0-0: Called Strike
0-1: Foul Ball, location: 2F
0-2: Foul Ball, location: 2F
0-2: Ball
1-2: Ball
2-2: Strikes out looking
Bottom of the 2nd over - 0 runs, 1 hit, 0 errors, 2 left on base; Northwest Territory 7 - Ogallala 0
TOP OF THE 3RD
Northwest Territory Beavers batting - Pitching for Ogallala Octopi : RHP Asiloman Chella
Batting: RHB Hyun-soo Yi 0-0: Ball
1-0: Swinging Strike
1-1: Foul Ball, location: 2F
1-2: Ground out U3 (Groundball, 3, EV 86.2 MPH)
Batting: RHB Ramón Moreno 0-0: Called Strike
0-1: Foul Ball, location: 2F
0-2: Ball
1-2: Strikes out swinging
Batting: RHB Ijsbert Reynoud 0-0: Ground out 3-1 (Groundball, 34, EV 84.4 MPH)
Top of the 3rd over - 0 runs, 0 hits, 0 errors, 0 left on base; Northwest Territory 7 - Ogallala 0
BOTTOM OF THE 3RD
Ogallala Octopi batting - Pitching for Northwest Territory Beavers : RHP Jong-yun Chong
Batting: RHB Jack Lang 0-0: Ball
1-0: Called Strike
1-1: Called Strike
1-2: SINGLE (Line Drive, 3D, EV 106.2 MPH)
Batting: LHB Jamie Padgett 0-0: Ball
1-0: Foul Ball, location: 2F
1-1: Ball
2-1: Foul Ball, location: 2F
2-2: Ball
3-2: Fielders Choice at 2nd, 4-6 (Groundball, 4, EV 91.2 MPH)
Batting: RHB Nando van der Goor 0-0: Called Strike
Jamie Padgett steals 2nd base (no throw)
0-1: Foul Ball, location: 2F
0-2: Foul Ball, location: 2F
0-2: Foul Ball, location: 2F
0-2: Ball
1-2: Ground out 4-3 (Groundball, 4, EV 102.5 MPH)
Jamie Padgett to third
Batting: RHB Rodrigo Sánchez 0-0: Called Strike
0-1: Ball
1-1: Foul Ball, location: 2F
1-2: Ball
2-2: Fly out, F8 (Flyball, 8RM, EV 91.9 MPH)
Bottom of the 3rd over - 0 runs, 1 hit, 0 errors, 1 left on base; Northwest Territory 7 - Ogallala 0
TOP OF THE 4TH
Northwest Territory Beavers batting - Pitching for Ogallala Octopi : RHP Asiloman Chella
Batting: RHB Kenny Simmons 0-0: Foul Ball, location: 2F
0-1: Ball
1-1: Fly out, F8 (Flyball, 8RS, EV 92.5 MPH)
Batting: RHB Ming Wang 0-0: Called Strike
0-1: Foul Ball, location: 2F
0-2: Ball
1-2: Strikes out swinging
Batting: RHB Rodrigo Martínez 0-0: Ball
1-0: Swinging Strike
1-1: Foul Ball, location: 2F
1-2: Ball
2-2: Foul Ball, location: 2F
2-2: Foul Ball, location: 2F
2-2: Fly out, F9 (Flyball, 9D, EV 102.5 MPH)
Top of the 4th over - 0 runs, 0 hits, 0 errors, 0 left on base; Northwest Territory 7 - Ogallala 0
BOTTOM OF THE 4TH
Ogallala Octopi batting - Pitching for Northwest Territory Beavers : RHP Jong-yun Chong
Batting: RHB Sonny Day 0-0: Swinging Strike
0-1: Called Strike
0-2: Foul Ball, location: 2F
0-2: Strikes out swinging
Batting: SHB Gabriel Ruíz 0-0: Ball
1-0: Ball
2-0: Ground out 6-3 (Groundball, 4MS, EV 88.1 MPH)
Batting: RHB Pedro Sánchez 0-0: Called Strike
0-1: Ball
1-1: Swinging Strike
1-2: Strikes out swinging
Bottom of the 4th over - 0 runs, 0 hits, 0 errors, 0 left on base; Northwest Territory 7 - Ogallala 0
TOP OF THE 5TH
Northwest Territory Beavers batting - Pitching for Ogallala Octopi : RHP Asiloman Chella
Batting: RHB Rich Kelley 0-0: Called Strike
0-1: Ball
1-1: Swinging Strike
1-2: Foul Ball, location: 2F
1-2: Ball
2-2: Foul Ball, location: 2F
2-2: Strikes out swinging
Batting: RHB Bartolo Cortéz 0-0: Ball
1-0: Foul Ball, location: 2F
1-1: Ball
2-1: Ball
3-1: Base on Balls
Batting: RHB John Warren 0-0: Called Strike
0-1: Foul Ball, location: 2F
0-2: DOUBLE (Line Drive, 78XD, EV 102.5 MPH)
Bartolo Cortéz to third
Batting: RHB Hyun-soo Yi 0-0: Called Strike
0-1: Foul Ball, location: 2F
0-2: Strikes out looking
Batting: RHB Ramón Moreno 0-0: Ball
1-0: Called Strike
1-1: Ball
2-1: Swinging Strike
2-2: SINGLE (Line Drive, 4MD, EV 99.4 MPH)
Bartolo Cortéz scores
John Warren to third
Batting: RHB Ijsbert Reynoud 0-0: SINGLE (Groundball, 56D, EV 95.6 MPH)
John Warren scores
Ramón Moreno to second
Batting: RHB Kenny Simmons 0-0: Ball
1-0: Ball
2-0: Ball
3-0: Base on Balls
Ramón Moreno to third
Ijsbert Reynoud to second
Batting: RHB Ming Wang 0-0: Ball
1-0: Swinging Strike
1-1: Fly out, F8 (Flyball, 8RM, EV 80.0 MPH)
Top of the 5th over - 2 runs, 3 hits, 0 errors, 3 left on base; Northwest Territory 9 - Ogallala 0
BOTTOM OF THE 5TH
Ogallala Octopi batting - Pitching for Northwest Territory Beavers : RHP Jong-yun Chong
Batting: RHB Bill Uttley 0-0: Ball
1-0: Ball
2-0: Called Strike
2-1: Foul Ball, location: 2F
2-2: Strikes out looking
Pitching: RHP José Soto
Batting: RHB Jim Wood 0-0: Called Strike
0-1: Ball
1-1: Ball
2-1: Foul Ball, location: 2F
2-2: Ball
3-2: Foul Ball, location: 2F
3-2: Foul Ball, location: 2F
3-2: Strikes out looking
Batting: RHB Jack Lang 0-0: Ball
1-0: Ball
2-0: Foul Ball, location: 2F
2-1: TRIPLE (Flyball, 89XD, EV 105.6 MPH)
Batting: LHB Jamie Padgett 0-0: Called Strike
0-1: Ball
1-1: SINGLE (Groundball, 56, EV 106.2 MPH) (infield hit)
Jack Lang scores
Batting: RHB Nando van der Goor 0-0: Swinging Strike
0-1: Swinging Strike
0-2: Strikes out swinging
Bottom of the 5th over - 1 run, 2 hits, 0 errors, 1 left on base; Northwest Territory 9 - Ogallala 1
TOP OF THE 6TH
Northwest Territory Beavers batting - Pitching for Ogallala Octopi : RHP Asiloman Chella
Batting: RHB Rodrigo Martínez 0-0: Called Strike
0-1: Ball
1-1: Ball
2-1: Foul Ball, location: 2F
2-2: SINGLE (Flyball, 78M, EV 91.9 MPH)
Pitching: RHP Ánibal Montoya
Batting: RHB Rich Kelley 0-0: Called Strike
0-1: Ball
1-1: Ball
2-1: Ball
3-1: Foul Ball, location: 2F
3-2: Base on Balls
Rodrigo Martínez to second
Batting: RHB Bartolo Cortéz 0-0: Ball
1-0: Called Strike
1-1: Ball
2-1: Fielders Choice at 2nd, 2-4 (Groundball, 2L, EV 68.1 MPH)
Rodrigo Martínez to third
Batting: RHB John Warren 0-0: Foul Ball, location: 2F
0-1: Ball
1-1: Ball
2-1: Foul Ball, location: 2F
2-2: Strikes out swinging
Batting: RHB Hyun-soo Yi 0-0: Called Strike
0-1: Ground out U3 (Groundball, 34, EV 98.1 MPH)
Top of the 6th over - 0 runs, 1 hit, 0 errors, 2 left on base; Northwest Territory 9 - Ogallala 1
BOTTOM OF THE 6TH
Ogallala Octopi batting - Pitching for Northwest Territory Beavers : RHP José Soto
Now in RF: Brian Day
Batting: RHB Rodrigo Sánchez 0-0: Ball
1-0: SINGLE (Groundball, 4D, EV 103.8 MPH)
Batting: RHB Sonny Day 0-0: SINGLE (Groundball, 56D, EV 101.2 MPH)
Rodrigo Sánchez to second
Batting: SHB Gabriel Ruíz 0-0: Ball
1-0: Swinging Strike
1-1: Swinging Strike
1-2: Fly out, F7 (Flyball, 7LSF, EV 76.9 MPH)
Batting: RHB Pedro Sánchez 0-0: Called Strike
0-1: Ball
1-1: Ball
2-1: SINGLE (Groundball, 56D, EV 96.9 MPH)
Rodrigo Sánchez to third
Sonny Day to second
Runner from 3rd tries for Home, SAFE, throw by LF to home
Batting: RHB Bill Uttley 0-0: Called Strike
0-1: Swinging Strike
0-2: Ball
1-2: SINGLE (Flyball, 9S, EV 89.4 MPH)
Sonny Day to third
Pedro Sánchez to second
Runner from 3rd tries for Home, SAFE, no throw by RF
Batting: RHB Jim Wood 0-0: Called Strike
0-1: Called Strike
0-2: SINGLE (Groundball, 56D, EV 97.5 MPH)
Pedro Sánchez to third
Bill Uttley to second
Runner from 3rd tries for Home, SAFE, throw by LF to home
Pitching: RHP Pedro Cuenca
Batting: RHB Jack Lang 0-0: Called Strike
0-1: Foul Ball, location: 2F
0-2: Fly out, F8 (Flyball, 89D, EV 91.2 MPH)
Runner from 2nd tags up, SAFE at 3rd, no throw by CF
Batting: LHB Jamie Padgett 0-0: Swinging Strike
0-1: Swinging Strike
0-2: Strikes out looking
Bottom of the 6th over - 3 runs, 5 hits, 0 errors, 2 left on base; Northwest Territory 9 - Ogallala 4
TOP OF THE 7TH
Northwest Territory Beavers batting - Pitching for Ogallala Octopi : RHP Ánibal Montoya
Batting: RHB Ramón Moreno 0-0: Foul Ball, location: 2F
0-1: Ball
1-1: Ball
2-1: Foul Ball, location: 2F
2-2: Foul Ball, location: 2F
2-2: Foul Ball, location: 2F
2-2: Ball
3-2: Base on Balls
Batting: RHB Ijsbert Reynoud 0-0: Called Strike
0-1: Ball
1-1: Ball
2-1: Foul Ball, location: 2F
2-2: Foul Ball, location: 2F
2-2: Strikes out swinging
Batting: RHB Kenny Simmons 0-0: Ball
1-0: Called Strike
1-1: Fly out, F8 (Flyball, 8LS, EV 81.9 MPH)
Batting: RHB Ming Wang 0-0: Ball
1-0: Called Strike
1-1: Ball
2-1: Fly out, F9 (Line Drive, 9D, EV 91.9 MPH)
Top of the 7th over - 0 runs, 0 hits, 0 errors, 1 left on base; Northwest Territory 9 - Ogallala 4
BOTTOM OF THE 7TH
Ogallala Octopi batting - Pitching for Northwest Territory Beavers : RHP Pedro Cuenca
Batting: RHB Nando van der Goor 0-0: SINGLE (Groundball, 6MD, EV 111.2 MPH)
Batting: RHB Rodrigo Sánchez 0-0: Ball
1-0: Ground out U3 (Groundball, 3, EV 105.6 MPH)
Nando van der Goor to second
Batting: RHB Sonny Day 0-0: Swinging Strike
0-1: Swinging Strike
0-2: Ball
1-2: Foul Ball, location: 2F
1-2: Foul Ball, location: 2F
1-2: Ball
2-2: Strikes out swinging
Batting: SHB Gabriel Ruíz 0-0: Ball
1-0: Ball
2-0: Foul Ball, location: 2F
2-1: Fly out, F8 (Flyball, 89D, EV 81.2 MPH)
Bottom of the 7th over - 0 runs, 1 hit, 0 errors, 1 left on base; Northwest Territory 9 - Ogallala 4
TOP OF THE 8TH
Northwest Territory Beavers batting - Pitching for Ogallala Octopi : RHP Ánibal Montoya
Batting: RHB Rodrigo Martínez 0-0: Swinging Strike
0-1: Ball
1-1: Ball
2-1: Ball
3-1: Ground out 6-3 (Groundball, 6, EV 100.0 MPH)
Batting: RHB Brian Day 0-0: Ball
1-0: Called Strike
1-1: Fly out, F8 (Flyball, 89M, EV 90.6 MPH)
Batting: RHB Bartolo Cortéz 0-0: Ball
1-0: Foul Ball, location: 2F
1-1: Foul Ball, location: 2F
1-2: Strikes out swinging
Top of the 8th over - 0 runs, 0 hits, 0 errors, 0 left on base; Northwest Territory 9 - Ogallala 4
BOTTOM OF THE 8TH
Ogallala Octopi batting - Pitching for Northwest Territory Beavers : RHP Pedro Cuenca
Batting: RHB Pedro Sánchez 0-0: Called Strike
0-1: Ball
1-1: Ball
2-1: Ball
3-1: Swinging Strike
3-2: Strikes out swinging
Batting: RHB Bill Uttley 0-0: Ball
1-0: Foul Ball, location: 2F
1-1: Foul Ball, location: 2F
1-2: Ground out U3 (Groundball, 34S, EV 70.0 MPH)
Batting: RHB Jim Wood 0-0: Ball
1-0: Ball
2-0: Called Strike
2-1: Ball
3-1: Called Strike
3-2: Strikes out swinging
Bottom of the 8th over - 0 runs, 0 hits, 0 errors, 0 left on base; Northwest Territory 9 - Ogallala 4
TOP OF THE 9TH
Northwest Territory Beavers batting - Pitching for Ogallala Octopi : RHP Ánibal Montoya
Pitching: LHP Joe Parks
Batting: RHB John Warren 0-0: Called Strike
0-1: Ball
1-1: SINGLE (Line Drive, 89S, EV 95.6 MPH)
Batting: RHB Hyun-soo Yi 0-0: Ball
1-0: Foul Ball, location: 2F
1-1: Foul Ball, location: 2F
1-2: Strikes out swinging
Batting: RHB Ramón Moreno 0-0: Ball
1-0: Called Strike
1-1: Called Strike
1-2: Foul Ball, location: 2F
1-2: Foul Ball, location: 2F
1-2: Ball
2-2: Ball
3-2: Foul Ball, location: 2F
3-2: Strikes out looking
Batting: RHB Ijsbert Reynoud 0-0: Called Strike
0-1: Ball
1-1: Foul Ball, location: 2F
1-2: Strikes out swinging
Top of the 9th over - 0 runs, 1 hit, 0 errors, 1 left on base; Northwest Territory 9 - Ogallala 4
BOTTOM OF THE 9TH
Ogallala Octopi batting - Pitching for Northwest Territory Beavers : RHP Pedro Cuenca
Batting: RHB Jack Lang 0-0: Called Strike
0-1: Foul Ball, location: 2F
0-2: Strikes out looking
Batting: LHB Jamie Padgett 0-0: Called Strike
0-1: Ball
1-1: Ball
2-1: Called Strike
2-2: Ball
3-2: Strikes out looking
Batting: RHB Nando van der Goor 0-0: Swinging Strike
0-1: Foul Ball, location: 2F
0-2: Ball
1-2: Ball
2-2: Strikes out swinging
Bottom of the 9th over - 0 runs, 0 hits, 0 errors, 0 left on base; Northwest Territory 9 - Ogallala 4
Friday, March 26th, 2021 - OOTP Baseball 20.8 Build 74